 Dungeon Crawl Stone Soup version 0.31-a0-263-ge8cad7f256 (webtiles) character file.

Game seed: 2474863853041971271

238 qw the Shooter (level 5, -3/41 HPs)
             Began as a Minotaur Hexslinger on July 13, 2023.
             Slain by an orc priest
             ... wielding a +0 dagger
              (4 damage)
             ... on level 5 of the Dungeon.
             The game lasted 00:00:44 (1952 turns).

qw the Shooter (Minotaur Hexslinger)                Turns: 1952, Time: 00:00:44

Health: -3/41      AC:  5    Str: 12    XL:     5   Next: 78%
Magic:  5/5        EV: 11    Int: 10    God:
Gold:   174        SH:  0    Dex: 15    Spells: 5/6 levels left

rFire   . . .        Y - +1 sling
rCold   . . .        (no shield)
rNeg    . . .        g - +0 ring mail
rPois   .            (helmet restricted)
rElec   .            (no cloak)
rCorr   .            (no gloves)
SInv    .            (no boots)
Will    .....        (no amulet)
Stlth   +            (no ring)
HPRegen 0.26/turn    (no ring)
MPRegen 0.09/turn

%: no passive effects
@: no status effects
A: horns 2, retaliatory headbutt
a: no special abilities


You were on level 5 of the Dungeon.
You visited 1 branch of the dungeon, and saw 4 of its levels.

You collected 216 gold pieces.
You spent 42 gold pieces at shops.


Innate Abilities, Weirdness & Mutations

You have a pair of horns on your head.
You reflexively headbutt those who attack you in melee.


   Skills:
 + Level 2.1 Fighting
 - Level 5.3 Ranged Weapons
 - Level 3.8 Armour
 - Level 2.1 Dodging
 - Level 1.0 Spellcasting
 - Level 2.0 Hexes


You had 5 spell levels left.
You knew the following spells:

 Your Spells              Type           Power      Damage    Failure   Level
a - Slow                  Hex            16%        N/A       32%         1

Your spell library contained the following spells:

 Spells                   Type           Power      Damage    Failure   Level
 Inner Flame              Hex/Fire       2%         N/A       82%         3
 Portal Projectile        Hex/Tloc       4%         N/A       82%         3
 Cause Fear               Hex            2%         N/A       97%         4

Inventory:

Hand Weapons
 Y - a +1 sling (weapon)
Armour
 g - a +0 ring mail (worn)
Scrolls
 a - a scroll of amnesia {unknown}
 e - 2 scrolls of identify
Potions
 b - a potion of curing {unknown}
 d - a potion of heal wounds {unknown}
 f - a potion of cancellation {unknown}
 h - a potion of might
 i - a potion of mutation {unknown}

Dungeon Overview and Level Annotations

Branches:
Dungeon (3/15)             Temple (0/1) D:5

Altars:

Shops:
D:2 ?

Annotations:
D:5 Ijyb


Message History

Ijyb the Twisted Goblin comes into view.
She is wielding a +0 club and wearing a +2 leather armour of fire resistance.
The phantom hits you.
1941 ||| READING scroll of teleportation.
As you read the scroll of teleportation, it crumbles to dust.
You feel strangely unstable.
Ijyb shouts!
The phantom hits you.
The phantom blinks!
You blink.
You shoot a sling bullet.
The sling bullet barely misses the phantom.
The phantom closely misses you. You furiously retaliate!
You headbutt the phantom, but do no damage.
You shoot a sling bullet.
The sling bullet barely misses the phantom.
Your surroundings suddenly seem different.
An orc comes into view. It is wielding a +0 club.
Found a stone staircase leading down.
The orc shouts!
You hear a shout!
You shoot a sling bullet. The sling bullet hits the orc.
The orc is almost dead.
An orc priest comes into view. It is wielding a +0 dagger.
You shoot a sling bullet. The sling bullet hits the orc.
The orc is almost dead.
You shoot a sling bullet. The sling bullet hits the orc.
You kill the orc!
You shoot a sling bullet.
The sling bullet barely misses the orc priest.
You shoot a sling bullet. The sling bullet hits the orc priest.
The orc priest is lightly wounded.
You shoot a sling bullet. The sling bullet hits the orc priest.
The orc priest is lightly wounded.
You shoot a sling bullet. The sling bullet hits the orc priest.
The orc priest is moderately wounded.
The orc priest hits you with a +0 dagger.
You shoot a sling bullet.
The sling bullet barely misses the orc priest.
The orc priest hits you with a +0 dagger.
You shoot a sling bullet.
The sling bullet closely misses the orc priest.
The orc priest hits you with a +0 dagger.
You die...

... ... ...
... #.# .
#####..#
#...#......#
#....o@^..#
#......>..#
#..#.......#
# ##......#
# #......#
#.# #......#
..# #......#
.. ########
#..


You could see an orc priest.

Vanquished Creatures
  A black bear (D:2)
  3 hounds
  An adder (D:2)
  A worm (D:3)
  2 dart slugs
  An orc (D:5)
  3 ball pythons
  3 bats
  3 endoplasms
  6 goblins
  5 hobgoblins
  4 quokkas
  6 frilled lizards
  5 kobolds
  3 rats
47 creatures vanquished.

Notes
Turn   | Place    | Note
-------+----------+-------------------------------------------
     0 | D:1      | qw the Minotaur Hexslinger began the quest for the Orb.
     0 | D:1      | Reached XP level 1. HP: 16/16 MP: 1/1
     0 | D:1      | 0 ||| qw: Version: 0.3-a-52-g30416fa
     0 | D:1      | 0 ||| qw: Game counter: 7407
     0 | D:1      | 0 ||| qw: Melee chars always use a shield: true
     0 | D:1      | 0 ||| qw: God list: Okawaru
     0 | D:1      | 0 ||| qw: Allow faded altars: false
     0 | D:1      | 0 ||| qw: Do Orc after clearing Dungeon:15 true
     0 | D:1      | 0 ||| qw: Do second Lair branch before Depths: true
     0 | D:1      | 0 ||| qw: Lair rune preference: random
     0 | D:1      | 0 ||| qw: Goals: Normal
     0 | D:1      | 0 ||| PLANNING D:1-11
   224 | D:1      | Reached skill level 3 in Ranged Weapons
   228 | D:1      | Reached XP level 2. HP: 23/23 MP: 2/2
   451 | D:1      | Found a faded altar of an unknown god.
   837 | D:1      | 837 ||| UPGRADING to +0 ring mail.
   847 | D:1      | 847 ||| DROPPING +0 robe.
   848 | D:1      | 848 ||| READING scroll labelled DIUFRI SIGESY.
   849 | D:1      | 849 ||| READING scroll labelled VINWEMNY IVAPP.
   850 | D:1      | 850 ||| READING scroll labelled LUS QO ZIGG.
   854 | D:1      | 854 ||| DRINKING 2 red potions.
   855 | D:1      | 855 ||| DROPPING scroll of poison.
  1009 | D:2      | Reached XP level 3. HP: 29/29 MP: 3/3
  1124 | D:2      | Reached skill level 4 in Ranged Weapons
  1161 | D:2      | Noticed a black bear
  1175 | D:2      | Killed a black bear
  1176 | D:2      | Reached skill level 3 in Armour
  1176 | D:2      | Reached XP level 4. HP: 20/36 MP: 4/4
  1240 | D:2      | Found Jetzim's Magic Scroll Boutique.
  1245 | D:2      | 1245 ||| SHOPLISTING scroll of enchant armour (105 gold,
                  | have 64).
  1245 | D:2      | 1245 ||| SHOPLISTING scroll of enchant weapon (105 gold,
                  | have 64).
  1245 | D:2      | 1245 ||| BUYING scroll of teleportation (42 gold).
  1245 | D:2      | Bought a scroll of teleportation for 42 gold pieces
  1245 | D:2      | 1245 ||| SHOPLISTING scroll of teleportation (42 gold, have
                  | 22).
  1601 | D:2      | 1601 ||| READING 3 scrolls labelled CEGOBIGHETIT.
  1602 | D:2      | 1602 ||| READING scroll labelled NAXUTE LUOGH.
  1603 | D:2      | 1603 ||| DROPPING 2 scrolls of vulnerability.
  1687 | D:3      | Reached XP level 5. HP: 41/41 MP: 5/5
  1917 | D:3      | You fall into a shaft and drop 2 floors!
  1917 | D:5      | Entered Level 5 of the Dungeon
  1925 | D:5      | Noticed a phantom
  1930 | D:5      | Reached skill level 5 in Ranged Weapons
  1931 | D:5      | Found a staircase to the Ecumenical Temple.
  1932 | D:5      | 1932 ||| PLANNING TEMPLE
  1933 | D:5      | Noticed an ogre
  1940 | D:5      | Noticed Ijyb
  1940 | D:5      | HP: 6/41 [phantom (6)]
  1941 | D:5      | 1941 ||| READING scroll of teleportation.
  1950 | D:5      | HP: 2/41 [orc priest/+0 dagger (4)]
  1952 | D:5      | Slain by an orc priest

Levels and vault maps discovered:
D:1:      eino_arrival_water_cross, layout_basic, basic_ecumenical_altar
D:2:      layout_loops_ring, serial_shops, nicolae_shop_advertising_works
          [nicolae_subvault_shop_adworks], solitary_fountain, minmay_tromino_i2
D:3:      layout_rooms, kennysheep_big_empty_room, chequers_garden
D:5:      cheibrodos_barr_body, layout_rooms, nicolae_ru_awakened_eye,
          minmay_temple_entry_overgrown, uniq_ijyb

Skill      XL: |  1  2  3  4  5 |
---------------+----------------+-----
Ranged Weapons | 3 4 5 |  5.3
Fighting       | 2 |  2.1
Armour         | 3 |  3.8
Dodging        | |  2.1
Spellcasting   | |  1.0
Hexes          | |  2.0

Action                     |  1- 3 |  4- 6 || total
---------------------------+-------+-------++-------
   Fire: Sling             |   103 |    77 ||   180
    Use: Scroll            |     3 |     3 ||     6
         Potion            |     1 |       ||     1
 Armour: Ring mail         |    19 |    14 ||    33
         Robe              |     2 |       ||     2
  Dodge: Dodged            |    26 |    33 ||    59

Table legend:
 A = Non-vault XP
 B = Vault XP
 C = Vault XP percentage of total XP
 D = Non-vault monster count
 E = Vault monster count
 F = Vault count percentage of total count
                 A         B        C        D         E       F
            +---------+---------+-------+---------+---------+-------
      Total |     336 |       4 |   1.2 |      45 |       2 |   4.3
            +---------+---------+-------+---------+---------+-------
        D:1 |      33 |       0 |   0.0 |      19 |       0 |   0.0
        D:2 |     156 |       4 |   2.5 |      13 |       2 |  13.3
        D:3 |      62 |       0 |   0.0 |      10 |       0 |   0.0
        D:5 |      85 |       0 |   0.0 |       3 |       0 |   0.0
            +---------+---------+-------+---------+---------+-------
